[Event "Championnat du monde jeunes U10"]
[Date "2024.11.23"]
[White "Advik Amit Agrawal"]
[Black "Zhang, Junyi"]
[WhiteElo "1982"]
[BlackElo "2061"]
[Round "8.2"]
[Result "1-0"]
[TimeControl "5400+30"]

1. e4 c5 2. Nf3 e6 3. b3 Nc6 4. Bb2 a6 5. c4 d6 6. d4 cxd4 7. Nxd4 Nf6 8. Bd3 Be7 9. O-O O-O 10. Nd2 Bd7 11. Qe2 Rc8 12. N2f3 Nxd4 13. Nxd4 e5 14. Nf5 Bxf5 15. exf5 Re8 16. Rad1 Bf8 17. Rfe1 Qa5 18. Bb1 b5 19. cxb5 axb5 20. Qf3 Qc7 21. g4 Qc6 22. Qg3 Qb6 23. h3 Qb7 24. h4 Rc5 25. Bc1 Rd5 26. Rxd5 Qxd5 27. g5 Nd7 28. Be4 Qd4 29. Bc6 Qb4 30. Rd1 Rd8 31. Be3 Nc5 32. Bd5 Nd7 33. h5 Rc8 34. f6 Kh8 35. fxg7+ Bxg7 36. Qh3 Rd8 37. h6 Bf8 38. Qf5 Be7 39. Be4 Nf8 40. Qxf7 Qxe4 41. Qg7# 1-0

[Variant "Standard"]
[Site "Europe Echecs"]

[Event "Championnat du monde jeunes U10"]
[Date "2024.11.23"]
[White "Zhu, Linxi"]
[Black "Kolodziejczyk, Boris"]
[WhiteElo "2100"]
[BlackElo "2115"]
[Round "8.3"]
[Result "1-0"]
[TimeControl "5400+30"]

1. e4 c5 2. d4 cxd4 3. Qxd4 Nc6 4. Qd3 g6 5. Nc3 Bg7 6. Nf3 d6 7. Be2 Nf6 8. O-O O-O 9. Nd5 Nd7 10. c3 Nc5 11. Qc2 Bg4 12. Bg5 Rc8 13. h3 Bxf3 14. Bxf3 Ne6 15. Bh4 g5 16. Bg3 Be5 17. Bxe5 Nxe5 18. Bd1 Kh8 19. Bg4 Nxg4 20. hxg4 Qd7 21. Qd2 h6 22. g3 Nc5 23. f3 Kg7 24. Kg2 e6 25. Ne3 b5 26. Rh1 f6 27. Rad1 Rcd8 28. Rh5 a5 29. Qc2 Qa7 30. Qf2 Qb7 31. Qd2 Qc6 32. Qd4 Qb7 33. Rdh1 Rh8 34. Rxh6 Qe7 35. Rxh8 Rxh8 36. Rh5 Rxh5 37. gxh5 Na4 38. b3 Nc5 39. Ng4 Nd7 40. Qa7 f5 41. exf5 exf5 42. Ne3 Qe6 43. Qd4+ Kf8 44. Qh8+ Ke7 45. Qg7+ Kd8 46. Qxg5+ Kc7 47. h6 f4 48. Qxf4 Qg6 49. Nd5+ Kb7 50. Ne7 Qc2+ 51. Kh3 Qd1 52. Ng6 Kc7 53. Kg4 Qb1 54. Qf5 Qh1 55. Nh4 Ne5+ 56. Qxe5 dxe5 57. h7 b4 58. h8=Q e4 59. Qe5+ Kb6 60. cxb4 axb4 61. Qxe4 Qa1 62. Qxb4+ Ka6 63. Qc4+ Kb6 64. Nf5 Qxa2 65. Kh3 Qb1 66. Qe4 Qf1+ 67. Kg4 Qh1 68. b4 1-0

[Variant "Standard"]
[Site "Europe Echecs"]

[Event "Championnat du monde jeunes U10"]
[Date "2024.11.23"]
[White "Xia, Joshua"]
[Black "Bolashakov, Nurali"]
[WhiteElo "2052"]
[BlackElo "2005"]
[Round "8.4"]
[Result "1-0"]
[TimeControl "5400+30"]

1. e4 c5 2. Nf3 d6 3. d4 cxd4 4. Nxd4 Nf6 5. Nc3 a6 6. g3 e5 7. Nde2 Be7 8. Be3 O-O 9. Bg2 Be6 10. h3 Nbd7 11. g4 Rc8 12. g5 Nh5 13. Bf3 Bxg5 14. Bxg5 Qxg5 15. Rg1 Qh6 16. Qxd6 Nf4 17. Nxf4 Qxf4 18. Bg4 Rxc3 19. bxc3 Qxe4+ 20. Be2 Qxc2 21. Rg3 g6 22. Qb4 Rc8 23. Bd1 Qf5 24. Qxb7 Rc4 25. Bg4 Qf6 26. Rf3 Rf4 27. Rxf4 exf4 28. Qc8+ Kg7 29. O-O-O Nf8 30. Bxe6 Nxe6 31. Kb2 Qe5 32. Qxa6 Qc5 33. Rd2 Qh5 34. a4 Qf3 35. Qb5 Qe4 36. a5 Nc7 37. Qb6 Ne6 38. a6 Qa4 39. a7 Kh6 40. Qb8 Nc7 41. Qxc7 Qb5+ 42. Kc1 Qa4 43. Rd4 Qa3+ 44. Kc2 Qa2+ 45. Kd3 Qb1+ 46. Kc4 Qa2+ 47. Kb5 Qb2+ 48. Rb4 Qe2+ 49. c4 Qa2 50. Qa5 Qxa5+ 51. Kxa5 f3 52. a8=Q g5 53. Qc6+ Kh5 54. Qxf3+ Kh4 55. Qg4# 1-0

[Variant "Standard"]
[Site "Europe Echecs"]

[Event "Championnat du monde jeunes U10"]
[Date "2024.11.23"]
[White "Nguyen Quang Anh"]
[Black "Zuo, Junyu"]
[WhiteElo "1889"]
[BlackElo "2120"]
[Round "8.5"]
[Result "1-0"]
[TimeControl "5400+30"]

1. d4 Nf6 2. c4 e6 3. Nc3 Bb4 4. f3 c5 5. d5 d6 6. e4 b5 7. cxb5 exd5 8. exd5 O-O 9. Bd3 Bb7 10. Bg5 Nbd7 11. Ne2 Qb6 12. Bc4 Ne5 13. b3 Qa5 14. Rc1 Nxc4 15. bxc4 Bxc3+ 16. Nxc3 Rfe8+ 17. Kf2 Nd7 18. Ne4 Qc7 19. Bf4 Ne5 20. Bxe5 Rxe5 21. Qd2 a6 22. a4 axb5 23. axb5 Ra4 24. Rhe1 Bc8 25. Nxd6 Rxe1 26. Rxe1 Bd7 27. Qf4 f6 28. Re7 Ra2+ 29. Kg3 Qd8 30. Qe3 h5 31. h4 Bg4 32. Re8+ Qxe8 33. Qxe8+ Kh7 34. fxg4 hxg4 35. b6 Rb2 36. b7 Rb3+ 37. Kxg4 f5+ 38. Nxf5 Rxb7 39. d6 1-0

[Variant "Standard"]
[Site "Europe Echecs"]

[Event "Championnat du monde jeunes U10"]
[Date "2024.11.23"]
[White "Zabelin, Platon"]
[Black "Ilko-Toth, Andras"]
[WhiteElo "1870"]
[BlackElo "2115"]
[Round "8.6"]
[Result "1/2-1/2"]
[TimeControl "5400+30"]

1. d4 d5 2. c4 e6 3. Nf3 a6 4. Bg5 Be7 5. Bxe7 Nxe7 6. Nbd2 O-O 7. g3 Nd7 8. Bg2 b6 9. O-O Bb7 10. Rc1 Rb8 11. Re1 c5 12. e4 dxe4 13. Nxe4 Bxe4 14. Rxe4 Nf6 15. Re3 Nf5 16. Rd3 Nxd4 17. Nxd4 cxd4 18. Rxd4 Qe7 19. Qd2 h6 20. b3 Rfc8 21. h3 Rc7 22. Rd1 a5 23. Rd8+ Rxd8 24. Qxd8+ Qxd8 25.
Rxd8+ Kh7 26. Rd6 Nd7 27. a3 g6 28. b4 Kg7 29. c5 axb4 30. cxb6 Rc1+ 31. Kh2 bxa3 32. Rxd7 a2 33. b7 Rb1 34. b8=Q Rxb8 35. Ra7 Rb2 36. f4 Kf6 37. g4 g5 38. fxg5+ hxg5 39. Ra5 Ke7 40. Kg3 Kd6 41. Be4 Kc7 42. Ra6 Kd7 43. h4 Rb3+ 44. Kg2 gxh4 45. Rxa2 Rg3+ 46. Kf2 Rxg4 47. Ra7+ Ke8 48. Bf3 Rf4 49. Ke3 Rf6 50. Ra8+ Ke7 51. Rh8 Rf5 52. Ke4
1/2-1/2

[Variant "Standard"]
[Site "Europe Echecs"]

[Event "Championnat du monde jeunes U10"]
[Date "2024.11.23"]
[White "Mulay, Vivan Prakash"]
[Black "Shangin, Lev"]
[WhiteElo "1823"]
[BlackElo "2056"]
[Round "8.7"]
[Result "1-0"]
[TimeControl "5400+30"]

1. c4 e5 2. g3 Nf6 3. Bg2 d5 4. cxd5 Nxd5 5. Nc3 Nb6 6. Nf3 Nc6 7. O-O Be7 8. d3 O-O 9. a3 Re8 10. b4 Bf8 11. Bb2 a5 12. b5 Nd4 13. Nd2 c6 14. bxc6 Nxc6 15. Rc1 a4 16. Nce4 Ra5 17. Nc4 Nxc4 18. dxc4 Qb6 19. Rb1 Qc7 20. Nc3 Nd4 21. e3 Ne6 22. Nxa4 Qxc4 23. Nb6 Qa6 24. Nd5 f6 25. Qb3 Kh8 26. Rfd1 Rb5 27. Qa2 Ra5 28. Qb3 Qa7 29. Nb6 Nc5 30. Qf7 1-0

[Variant "Standard"]
[Site "Europe Echecs"]

[Event "Championnat du monde jeunes U10"]
[Date "2024.11.23"]
[White "Tulegen, Ramazan"]
[Black "Filipovs, Sergejs"]
[WhiteElo "1818"]
[BlackElo "2012"]
[Round "8.8"]
[Result "1/2-1/2"]
[TimeControl "5400+30"]

1. e4 c5 2. Nf3 e6 3. d4 cxd4 4. Nxd4 Nf6 5. Nc3 Nc6 6. a3 Be7 7. Nxc6 bxc6 8. Bd3 e5 9. O-O O-O 10. Bg5 d6 11. h3 Be6 12. Qe2 Qc7 13. b4 d5 14. f4 Qb6+ 15. Qf2 Qxf2+ 16. Rxf2 h6 17. Bxf6 Bxf6 18. f5 Bd7 19. Rd1 d4 20. Na4 Be7 21. Nb2 f6 22. c4 a5 23. c5 axb4 24. axb4 Rfb8 25. Bc4+ Kf8 26. Nd3 Ra3 27. Rb2 Rc3 28. Be6 Bxe6 29. fxe6 Ra3 30. Rbb1 Bd8 31. b5 Rxb5 32. Rxb5 cxb5 33. Nb4 Be7 34. Nd5 Bxc5 35. Rc1 Rc3 36. Ra1 Ra3 37. Rc1 Rc3 38. Ra1 Ra3 39. Rc1 Rc3 1/2-1/2

[Variant "Standard"]
[Site "Europe Echecs"]

[Event "Championnat du monde jeunes U10"]
[Date "2024.11.23"]
[White "Anand, Tsogtbileg"]
[Black "Ramesan, Raunak Amit"]
[WhiteElo "1974"]
[BlackElo "1802"]
[Round "8.9"]
[Result "1-0"]
[TimeControl "5400+30"]

1. e4 e5 2. Nf3 Nc6 3. Bb5 a6 4. Bxc6 dxc6 5. O-O Bd6 6. d4 exd4 7. Qxd4 f6 8. Be3 Be6 9. Nbd2 Ne7 10. Qc3 O-O 11. Nc4 Ng6 12. Rad1 Qe7 13. Nxd6 cxd6 14. Nd4 Rfe8 15. Rfe1 Rad8 16. f3 d5 17. Nxe6 Qxe6 18. Bb6 Rd7 19. Qb3 Qf7 20. Rd4 Rde7 21. Bc5 Re5 22. Bd6 R5e6 23. Ba3 f5 24. Rf1 Nf4 25. Kh1 Rh6 26. Qe3 Ne6 27. Rdd1 f4 28. Qg1 dxe4 29. fxe4 Ng5 30. Rd3 Nxe4 31. g3 Rf6 32. g4 Qe6 33. b3 c5 34. Bb2 Qc6 35. Qg2 Rfe6 36. Kg1 Qc7 37. Rdf3 Rf8 38. h4 Ng3 39. Qxg3 c4 40. Rxf4 Ref6 41. Bxf6 1-0

[Variant "Standard"]
[Site "Europe Echecs"]

[Event "Championnat du monde jeunes U10"]
[Date "2024.11.23"]
[White "Ling, Chenxuan"]
[Black "Zhou, Guoyu"]
[WhiteElo "1967"]
[BlackElo "1809"]
[Round "8.10"]
[Result "1/2-1/2"]
[TimeControl "5400+30"]

1. d4 d5 2. c4 e6 3. Nf3 Nf6 4. Nc3 c5 5. cxd5 cxd4 6. Qa4+ Qd7 7. Qxd7+ Bxd7 8. dxe6 dxc3 9. exd7+ Nbxd7 10. bxc3 Rc8 11. Bb2 Ne4 12. Rc1 Nb6 13. e3 Nc4 14. Bxc4 Rxc4 15. O-O Be7 16. Rfd1 Bf6 17. Nd2 Nxd2 18. Rxd2 Ra4 19. a3 Rc4 20. Kf1 Ke7 21. Rcd1 Rc7 22. Ke2 Rhc8 23. Rd3 Ke8 24. Kd2 b5 25. e4 Rc4 26. f3 a5 27. Ke2 b4 28. e5 Be7 29. axb4 axb4 30. Kd2 f6 31. Re1 Kf8 32. Re4 Rxe4 33. fxe4 fxe5 34. cxb4 Bxb4+ 35. Kd1 Rc4 36. Bxe5 Rxe4 37. Bd6+ 1/2-1/2

[Variant "Standard"]
[Site "Europe Echecs"]

[Event "Championnat du monde jeunes U10"]
[Date "2024.11.23"]
[White "Zhauynbay, Alimzhan"]
[Black "Mirzhanov, Arlan"]
[WhiteElo "1953"]
[BlackElo "1721"]
[Round "8.11"]
[Result "0-1"]
[TimeControl "5400+30"]

1. e4 e5 2. Nf3 Nc6 3. Bb5 a6 4. Ba4 Nf6 5. O-O b5 6. Bb3 Be7 7. Re1 O-O 8. a4 Bb7 9. d3 d5 10. axb5 axb5 11. Rxa8 Bxa8 12. exd5 Nxd5 13. Nxe5 Nd4 14. c3 Nxb3 15. Qxb3 Bg5 16. Nd2 Bh6 17. Qxb5 Nf4 18. Ndf3 Nxg2 19. Kxg2 Bxc1 20. Nd7 c5 21. Re5 Qh4 22. Re4 Bxe4 23. dxe4 Qg4+ 24. Kf1 Qxf3 25.
Nxf8 Be3 0-1

[Variant "Standard"]
[Site "Europe Echecs"]

[Event "Championnat du monde jeunes U10"]
[Date "2024.11.23"]
[White "Anetov, Amirzhan"]
[Black "Fuentes de Nova, Sebastian"]
[WhiteElo "1767"]
[BlackElo "1929"]
[Round "8.12"]
[Result "1-0"]
[TimeControl "5400+30"]

1. e4 e5 2. Nf3 Nc6 3. Bb5 a6 4. Ba4 Nf6 5. O-O Nxe4 6. d4 b5 7. Bb3 d5 8. dxe5 Be6 9. Be3 Be7 10. c3 O-O 11. Nbd2 Bg4 12. Nxe4 dxe4 13. Qd5 exf3 14. Qxc6 fxg2 15. Qxg2 Qc8 16. Bh6 gxh6 17. f3 h5 18. fxg4 Qxg4 19. Qxg4+ hxg4 20. Rf4 h5 21.
Raf1 Rad8 22. Rxf7 Rxf7 23. Rxf7 Bc5+ 24. Kg2 Kh8 25. Rxc7 Rd2+ 26. Kg3 Bf2+ 27. Kf4 Bg1 28. Kg5 Bxh2 29. Kg6 1-0

[Variant "Standard"]
[Site "Europe Echecs"]

[Event "Championnat du monde jeunes U10"]
[Date "2024.11.23"]
[White "Cao, Frank Zhongtian"]
[Black "Sameh Mohamed, Abdalrahman"]
[WhiteElo "1793"]
[BlackElo "2238"]
[Round "8.13"]
[Result "0-1"]
[TimeControl "5400+30"]

1. e4 e5 2. Nf3 Nc6 3. Bb5 a6 4. Ba4 Nf6 5. O-O Be7 6. Re1 b5 7. Bb3 O-O 8. a4 Bb7 9. d3 d6 10. Nbd2 Na5 11. Ba2 Re8 12. c3 c5 13. Bb1 Bf8 14. h3 Qb6 15. Bc2 g6 16. Nf1 Bg7 17. Bg5 d5 18. Bxf6 Qxf6 19. Ne3 d4 20. Ng4 Qd6 21. Ngh2 c4 22. cxd4 exd4 23. dxc4 bxc4 24. Qd2 Nc6 25. Rad1 Rad8 26. Bb1 Qc5 27. Rc1 c3 28. bxc3 dxc3 29. Qe3 Qxe3 30. Rxe3 Bh6 31. Rexc3 Bxc1 32. Rxc1 Nd4 33. Re1 Nxf3+ 34. Nxf3 Rc8 35. Bd3 Rc3 36. Bf1 Ra3 37. e5 Rxa4 38. Re3 Ra1 39. Nd2 Rd8 40. Nb3 Rb1 41. Nc5 Rdd1 42. Nxb7 Rxf1+ 43. Kh2 Rxb7 0-1

[Variant "Standard"]
[Site "Europe Echecs"]

[Event "Championnat du monde jeunes U10"]
[Date "2024.11.23"]
[White "Annapureddy, Rheyansh Reddy"]
[Black "Liu, Liam"]
[WhiteElo "2122"]
[BlackElo "1783"]
[Round "8.14"]
[Result "1-0"]
[TimeControl "5400+30"]

1. e4 c6 2. d4 d5 3. exd5 cxd5 4. Bd3 Nc6 5. c3 Nf6 6. h3 g6 7. Nf3 Bf5 8. O-O Bxd3 9. Qxd3 Bg7 10. Bf4 O-O 11. Nbd2 e6 12. Ne5 Nxe5 13. Bxe5 Nd7 14. Bxg7 Kxg7 15. f4 Rc8 16. g4 f5 17. g5 Nb6 18. Kg2 Rc6 19. h4 Nc4 20. Nxc4 dxc4 21. Qe2 Qd5+ 22. Kf2 b5 23. a3 a5 24. h5 Rh8 25. h6+ Kf7 26. Rfe1 Qd6 27. Qf3 Rb8 28. Rad1 Qd5 29. Qxd5 exd5 30. Re5 Rd6 31. Rde1 Rd7 32. Re6 b4 33. Kg3 bxc3 34. bxc3 Rdb7 35. R1e3 Rb3 36. Re7+ Kg8 37. Rg7+ Kh8 38. Ree7 Rxc3+ 39. Kh4 Rh3+ 40. Kxh3 Rb3+ 41. Kh4 Rh3+ 42. Kxh3 a4 43. Re8# 1-0

[Variant "Standard"]
[Site "Europe Echecs"]

[Event "Championnat du monde jeunes U10"]
[Date "2024.11.23"]
[White "Azimov, Yasin"]
[Black "Chen, Chicheng Leon"]
[WhiteElo "1759"]
[BlackElo "1987"]
[Round "8.15"]
[Result "1-0"]
[TimeControl "5400+30"]

1. d4 Nf6 2. c4 g6 3. Nf3 Bg7 4. Nc3 d5 5. e3 O-O 6. Bd3 c5 7. O-O cxd4 8. exd4 Nc6 9. h3 dxc4 10. Bxc4 b6 11. a3 Bb7 12. Bg5 Rc8 13. Ba2 Qc7 14. Qe2 Rfd8 15. Rac1 h6 16. Be3 e6 17. Rfd1 Qe7 18. Qc2 Na5 19. Ne5 Nd5 20. Nxd5 exd5 21. Qd2 Kh7 22. b4 Nc6 23. Nxc6 Bxc6 24. Re1 Qf6 25. Qd3 Qd6 26. Qb3 a6 27. Rc3 Ba4 28. Qb2 Rxc3 29. Qxc3 Bd7 30. Qb3 Bb5 31. Qc3 Bc4 32. Bb1 Re8 33. g3 b5 34. Bf4 Rxe1+ 35. Qxe1 Qe6 36. Qxe6 fxe6 37. Be5 Bxe5 38. dxe5 Kg7 39. f4 g5 40. Kf2 gxf4 41. gxf4 d4 42. Kf3 Bd5+ 43. Be4 Bc4 44. Bb7 Kg6 45. Ke4 d3 46. Ke3 Kh5 47. Be4 Kh4 48. Bxd3 Bd5 49. f5 exf5 50. Bxf5 Kg5 51. Bc8 h5 52. Kd4 Bg2 53. h4+ Kxh4 54. e6 Kg5 55. Ke5 h4 56. e7 Bc6 57. Kd6 Be8 58. Bd7 Bf7 59. e8=Q Bxe8 60. Bxe8 h3 61. Bc6 h2 62. Kc7 1-0

[Variant "Standard"]
[Site "Europe Echecs"]

[Event "Championnat du monde jeunes U10"]
[Date "2024.11.23"]
[White "Kadyr, Aldiyar"]
[Black "Mutyalapati, Modith Aaroh"]
[WhiteElo "1759"]
[BlackElo "1893"]
[Round "8.16"]
[Result "1-0"]
[TimeControl "5400+30"]

1. e4 e6 2. d4 d5 3. Nd2 dxe4 4. Nxe4 Nd7 5. Bd3 Ngf6 6. Qe2 Be7 7. Nf3 Nxe4 8. Bxe4 Nf6 9. Bxb7 Bxb7 10. Qb5+ Qd7 11. Qxb7 O-O 12. Qa6 c5 13. dxc5 Bxc5 14. O-O Nd5 15. Qd3 Qc7 16. a3 Rfd8 17. Qe2 Rac8 18. c4 Nf4 19. Bxf4 Qxf4 20. b4 Be7 21. c5 a5 22. Qe3 Qc4 23. Rac1 Qd5 24. Qe5 Qb7 25. Rc4 Qb5 26. Rg4 Bf8 27. h4 Rd5 28. Qe4 Qd7 29. Qe3 e5 30. Rc4 f6 31. Qb3 Kh8 32. Rfc1 Rd3 33. R4c3 Rxc3 34. Qxc3 axb4 35. axb4 Qb7 36. Nd2 g6 37. Nc4 Kg7 38. Nb6 Rc7 39. Qd3 Rf7 40. Qd5 Qa6 41. Qc4 Qa7 42. c6 Rc7 43. Nd5 Rc8 44. b5 Qb8 45. b6 Qd6 46. b7 1-0

[Variant "Standard"]
[Site "Europe Echecs"]

[Event "Championnat du monde jeunes U10"]
[Date "2024.11.23"]
[White "Li, Weilong"]
[Black "Meitzner, Jonathan Franz"]
[WhiteElo "1735"]
[BlackElo "1876"]
[Round "8.17"]
[Result "1-0"]
[TimeControl "5400+30"]

1. e4 c5 2. Nf3 e6 3. d4 cxd4 4. Nxd4 Nc6 5. Nc3 Qc7 6. Be3 a6 7. a3 Nf6 8. f4 d6 9. Qf3 Bd7 10. O-O-O Be7 11. Nb3 b5 12. g4 h6 13. e5 dxe5 14. fxe5 Nh7 15. Nc5 Bxc5 16. Bxc5 Qxe5 17. Ne4 Ng5 18. Qd3 Qd5 19. Nd6+ Kf8 20. Qxd5 exd5 21. Bg2 Ne6 22. Rxd5 Ne7 23. Rd2 Bc6 24. Rf1 f6 25. Bb4 Bxg2 26. Re1 Nc6 27. Rxe6 Bf3 28. Bc5 Bxg4 29. Ne4+ Kf7 30. Rxc6 Rhe8 31. Nd6+ 1-0

[Variant "Standard"]
[Site "Europe Echecs"]

[Event "Championnat du monde jeunes U10"]
[Date "2024.11.23"]
[White "Seo, Juwon"]
[Black "Guirado Lara, Pablo"]
[WhiteElo "1721"]
[BlackElo "1832"]
[Round "8.18"]
[Result "1-0"]
[TimeControl "5400+30"]

1. e4 c5 2. Nf3 e6 3. d4 cxd4 4. Nxd4 Nf6 5. Nc3 Nc6 6. Nxc6 bxc6 7. e5 Nd5 8. Ne4 Bb7 9. Be2 Be7 10. O-O O-O 11. Nd6 Qc7 12. c4 Nb6 13. Be3 f6 14. Bc5 Nc8 15. f4 Bxd6 16. exd6 Qd8 17. Qd2 a5 18. b3 Nb6 19. Rf3 Re8 20. Rg3 Kh8 21. Qe3 Nc8 22. Rh3 g6 23. f5 g5 24. Bh5 Rg8 25. fxe6 dxe6 26. Qxe6 Nb6 27. Bd4 Nd7 28. Rf1 Bc8 29. Rxf6 Nxf6 30. Bxf6+ Rg7 31. Bxg7+
Kxg7 32. Qf7+ Kh8 33.
Bg6 Qb6+ 34. Kh1 Bxh3 35. Qxh7# 1-0

[Variant "Standard"]
[Site "Europe Echecs"]

[Event "Championnat du monde jeunes U10"]
[Date "2024.11.23"]
[White "Otetileu, Amanbek"]
[Black "Perez Solanas, Hugo"]
[WhiteElo "1632"]
[BlackElo "1824"]
[Round "8.19"]
[Result "0-1"]
[TimeControl "5400+30"]

1. e4 c5 2. Nf3 d6 3. d4 cxd4 4. Nxd4 Nf6 5. Nc3 g6 6. Be3 Bg7 7. Bc4 O-O 8. O-O Nc6 9. Bb3 Bd7 10. h3 Re8 11. Qd2 Nxd4 12. Bxd4 b5 13. e5 dxe5 14. Bxe5 b4 15. Bxf6 exf6 16. Nd5 a5 17. Rad1 Bc6 18. Qf4 Re5 19. Nxb4 Qe8 20. Nxc6 Qxc6 21. Rfe1 Qc7 22. Rxe5 fxe5 23. Qf3 Re8 24. Ba4 Rd8 25. Rxd8+ Qxd8 26. Bb3 Qe8 27. Qd5 e4 28. Qxa5 e3 29. Qe1 exf2+ 30. Qxf2 Bxb2 31. c4 Qe5 32. Qf1 Bd4+ 33. Kh1 Bc5 34. a4 Bd6 35. Qg1 Qc3 36. Bd1 Qxc4 37. Qe1 h5 38. Qg1 Kg7 39. a5 Qb5 40. Qd4+ Be5 41. Qb6 Qd3 42. Qg1 Bc3 43. Bb3 Qb5 44. Qb6 Qe5 45. a6 Bd4 46. Qb4 Qe3 47. Kh2 Be5+ 48. Kh1 Qc1+ 49. Bd1 Qxd1+ 50. Qe1 Qxe1# 0-1

[Variant "Standard"]
[Site "Europe Echecs"]

[Event "Championnat du monde jeunes U10"]
[Date "2024.11.23"]
[White "Buklaho, Ignacy"]
[Black "Qian, Qipeng"]
[WhiteElo "1822"]
[BlackElo "1641"]
[Round "8.20"]
[Result "0-1"]
[TimeControl "5400+30"]

1. e4 e6 2. d4 d5 3. Nc3 Nf6 4. Bg5 dxe4 5. Nxe4 Nbd7 6. Bd3 h6 7. Nxf6+ Nxf6 8. Bh4 Be7 9. Nf3 O-O 10. O-O b6 11. Bxf6 Bxf6 12. Be4 Rb8 13. Qe2 c5 14. c3 Qe7 15. Rad1 cxd4 16. Nxd4 Bb7 17. Rfe1 Rbd8 18. Bxb7 Qxb7 19. Nf3 Qc7 20. h3 Qc6 21. Qc2 Qc4 22. a3 b5 23. Nd2 Qc7 24. Ne4 Be7 25. Qe2 Qc6 26. Ng3 a5 27. Ne4 Qb6 28. Qf3 Rxd1 29. Rxd1 Rd8 30. Rd3 f5 31. Nd2 Bc5 32. Rxd8+ Qxd8 33. Nb3 Bb6 34. Qe2 Qd5 35. Nd4 Bxd4 36. cxd4 Kf7 37. Qe3 b4 38. axb4 axb4 39. Qf4 Qc4 40. Qd2 b3 41. Qd1 Kf6 42. g3 Qc2 43. Qa1 Kg6 44. Qa6 Kf6 45. Qa3 Qb1+ 46. Kg2 Qe4+ 47. Kg1 Qd5 48. Qb4 Kg6 49. Qc3 Kh7 50. Qb4 Qf3 51. Qc4 f4 52. gxf4 Qxh3 53. Qc1 Qd3 54. Qe1 Qf5 55. Qe2 Qb1+ 56. Kg2 Qg6+ 57. Kf1 Qf5 58. Kg2 Qd5+ 59. f3 Qxd4 60. Qxe6 Qxb2+ 61. Kg3 Qb1 62. f5 Qg1+ 63. Kh3 b2 64. f6 b1=Q 65. f7 Qbf1+ 66. Kh4 Qff2+ 67. Kh5 Qg5# 0-1

[Variant "Standard"]
[Site "Europe Echecs"]

[Event "Championnat du monde jeunes U10"]
[Date "2024.11.23"]
[White "Babeikin, Kiryl"]
[Black "Dayal, Samar"]
[WhiteElo "1721"]
[BlackElo "1818"]
[Round "8.21"]
[Result "1/2-1/2"]
[TimeControl "5400+30"]

1. e4 c5 2. Nf3 d6 3. d4 cxd4 4. Nxd4 Nf6 5. Nc3 g6 6. Be3 Bg7 7. Bc4 O-O 8. f3 Nc6 9. Qd2 Bd7 10. O-O-O Rc8 11. Bb3 Ne5 12. h4 Nc4 13. Bxc4 Rxc4 14. h5 Nxh5 15. g4 Nf6 16. e5 dxe5 17. Nb3 Qc7 18. g5 Bf5 19. gxf6 Bxf6 20. Na1 Rc8 21. Nd5 Qb8 22.
Rh2 h5 23. Nxf6+ exf6 24. Qd6 Qxd6 25.
Rxd6 Kg7 26. Bxa7 Ra8 27. Be3 Rxa2 28.
Nb3 Ra8 29. Rb6 Rac8 30. c3 R4c7 31. Kd1 Be6 32. Na5 Bd5 33. Ke2 Rh8 34. Rd6 Be6 35. Bb6 Rd7 36. Rxd7 Bxd7 37. b4 f5 38.
Bc5 b5 39. Rh1 g5 40. Bd6 f6 41. Rd1 Be6 42. c4 g4 43. fxg4 hxg4 44. cxb5 Rh2+ 45. Kd3 f4 46. b6 Bd5 47. b7 Rh3+ 48. Kc2 Be4+ 49. Kb2 Bxb7 50. Nxb7 g3 51. Bc5 f3 52. Nd6 Kg6 53. Rg1 f5 54. Bf2 f4 55. Ne4 Rh2 56. Kc3 g2 57. b5 Kf5 58. Nd6+ Ke6 59. Nc4 e4 60. b6 e3 61. Nxe3 fxe3 62. Bxe3 Rh7 63. Kd3 Kf5 64. Bf2 Kg4 65. Kc4 Re7 66. Kd5 Re2 67. b7 Rb2 68. Kc6 Kh3 69. Kc7 Rc2+ 70. Kd6 Rd2+ 71. Kc7 Rc2+ 72. Kd6 Rb2 73. Kc7 Rc2+ 74. Kd6 1/2-1/2

[Variant "Standard"]
[Site "Europe Echecs"]

[Event "Championnat du monde jeunes U10"]
[Date "2024.11.23"]
[White "Jani, Aakash"]
[Black "Aitmukhanov, Arsen"]
[WhiteElo "1810"]
[BlackElo "1579"]
[Round "8.22"]
[Result "1/2-1/2"]
[TimeControl "5400+30"]

1. e4 c5 2. Nf3 Nc6 3. d4 cxd4 4. Nxd4 Nf6 5. Nc3 e5 6. Ndb5 d6 7. Nd5 Nxd5 8. exd5 Nb8 9. c4 Be7 10. Be2 a6 11. Nc3 O-O 12. O-O f5 13. f4 Bf6 14. Kh1 Nd7 15. Be3 exf4 16. Bxf4 Be5 17. Qc2 Qf6 18. Rad1 Bxf4 19. Rxf4 Ne5 20. Rdf1 Ng6 21. R4f2 f4 22. Bd3 Kh8 23. Ne2 Bg4 24. Bxg6 Qxg6 25. Qxg6 hxg6 26. Nxf4 Rf6 27.
h3 Bf5 28. Nh5 Rf7 29. Ng3 Raf8 30.
Ne4 Rd7 31. Ng3 Rdf7 32. Kh2 Kg8 33.
Nxf5 gxf5 34. Re2 Rc8 35. b3 b5 36. cxb5 axb5 37. Re6 Rc2 38. Rxd6 Rxa2 39. Rb6 f4 40. Kh1 Rf5 41. d6 Rd2 42. h4 g5 43. hxg5 Rxg5 44. Rxf4 Rgxg2 45. d7 Rh2+ 46. Kg1 Rhg2+ 47. Kf1 Rh2 48.
Rb8+ Kh7 1/2-1/2

[Variant "Standard"]
[Site "Europe Echecs"]

[Event "Championnat du monde jeunes U10"]
[Date "2024.11.23"]
[White "Aguike, Toshiya"]
[Black "Chakhalov, Mikael"]
[WhiteElo "1716"]
[BlackElo "1962"]
[Round "8.23"]
[Result "1/2-1/2"]
[TimeControl "5400+30"]

1. e4 c5 2. Nf3 Nc6 3. d4 cxd4 4. Nxd4 Nf6 5. Nc3 d6 6. Be2 e5 7. Nf3 Be7 8. O-O O-O 9. h3 h6 10. Be3 Be6 11. Qd2 d5 12. exd5 Nxd5 13. Nxd5 Qxd5 14. Qxd5 Bxd5 15. c3 Rfd8 16. Nd2 f5 17. Nb3 g5 18. f3 Bf6 19. Rad1 Bf7 20. Nc5 b6 21. Nb7 Rxd1 22. Rxd1 Ne7 23. c4 Rb8 24. Nd8 Be8 25. Rd6 Kg7 26. Ne6+ Kf7 27. Nd8+ Kg7 28. c5 bxc5 29. Ne6+ Kg6 30. Bxc5 Rxb2 31. Bc4 Bb5 32. Nf8+ Kg7 33. Ne6+ Kg6 34. Bb3 Rb1+ 35. Kh2 e4 36. f4 gxf4 37. Nxf4+ Kg5 38. g3 Be5 39. h4+ Kg4 40. Bd1+ Rxd1 41. Rxd1 Bxf4 42. gxf4 Nc6 43.
Bf2 Kxf4 44. Bg3+ Kg4 45. Rd5 a6 46. Rd6 f4 47. Be1 Ne5 48. Bc3 Nf3+ 49. Kh1 Nxh4 50. Rxh6 f3 51. Rxh4+ Kxh4 52. Bd4 Kg3 53. Kg1 a5 54. a3 a4 55. Be3 Bd3 56. Bd4 f2+ 57. Bxf2+ Kf3 58. Be1 Ke2 59. Ba5 e3 60. Bb4 Kd1 61. Ba5 Kc2 62. Bb6 e2 63. Kf2 1/2-1/2

[Variant "Standard"]
[Site "Europe Echecs"]

[Event "Championnat du monde jeunes U10"]
[Date "2024.11.23"]
[White "Andre, Tomas"]
[Black "Nguyen Minh"]
[WhiteElo "1928"]
[BlackElo "1760"]
[Round "8.24"]
[Result "1-0"]
[TimeControl "5400+30"]

1. e4 c5 2. Nf3 Nf6 3. Nc3 d5 4. exd5 Nxd5 5. Bb5+ Bd7 6. Ne5 Nf6 7. Qf3 Qc7 8. Qg3 Qd6 9. O-O a6 10. Nxd7 Nbxd7 11. Qxd6 exd6 12. Re1+ Kd8 13. Be2 Ne5 14. d3 h6 15. Ne4 Nfd7 16. f4 Nc6 17. c3 g6 18. Bf3 Be7 19. g3 Nb6 20. b3 d5 21. Nf2 Bf6 22. Bb2 h5 23. Rac1 Rc8 24. h4 Ne7 25. Nh3 Nf5 26. Kg2 Kd7 27. Ng5 Bxg5 28. fxg5 Rhe8 29. c4 Kd6 30. Kf2 Re6 31. Rxe6+ fxe6 32. Re1 Nd7 33. cxd5 exd5 34. Bc1 Nd4 35. Bf4+ Kc6 36. Re7 Nf8 37. Rf7 Nxf3 38. Kxf3 b5 39. Rf6+ Kb7 40. Bd6 Nd7 41. Rxg6 c4 42. dxc4 dxc4 43. bxc4 bxc4 44. Ke2 c3 45. Kd1 Nb6 46. Kc1 Nc4 47. Bf4 Na3 48. Rg7+ Kb6 49. Rc7 Re8 50. Rxc3 Nb5 51. Re3 Rc8+ 52. Kd2 Kc6 53. a4 Nd4 54. Rc3+ Kb7 55. Rxc8 Kxc8 56. g6 Nf5 57. g4 hxg4 58. h5 Kd7 59. h6 1-0

[Variant "Standard"]
[Site "Europe Echecs"]

[Event "Championnat du monde jeunes U10"]
[Date "2024.11.23"]
[White "Ejsymont, Eryk"]
[Black "Kais, Kristofer"]
[WhiteElo "1910"]
[BlackElo "1723"]
[Round "8.25"]
[Result "1/2-1/2"]
[TimeControl "5400+30"]

1. e4 c6 2. d4 d5 3. e5 c5 4. c3 Nc6 5. Be3 cxd4 6. cxd4 Bf5 7. Nc3 e6 8. Qb3 Qd7 9. Nf3 Bg6 10. Be2 Nge7 11. Nh4 Nf5 12. Nxf5 Bxf5 13. O-O Be7 14. Rac1 O-O 15. f4 Na5 16. Qd1 Nc4 17. Bxc4 dxc4 18. Qf3 Bd3 19. Rfd1 Rfd8 20. a4 Bb4 21. g4 Bxc3 22. bxc3 Qd5 23. Qg3 Be2 24. Rd2 Qf3 25. Qxf3 Bxf3 26. h3 Be4 27. Rb2 b6 28. Rb4 Bd3 29. Ra1 Rd5 30. Rb5 Rad8 31. Kf2 Bc2 32. f5 exf5 33. gxf5 Bxf5 34. Rb4 Bd3 35. Rg1 f6 36. Bf4 Kf7 37. Ke3 g5 38. Bh2 h6 39. exf6 Kxf6 40. Be5+ Kg6 41. h4 Rf8 42. hxg5 hxg5 43. Rb2 Rd7 44. Rbg2 Rf5 45. Rh2 Rdf7 46. Rh3 Rf2 47. Re1 g4 48. Rg3 R7f3+ 49. Rxf3 Rxf3+ 50. Kd2 Rf2+ 51.
Ke3 Rf3+ 52. Kd2 Rf2+ 53. Ke3 1/2-1/2

[Variant "Standard"]
[Site "Europe Echecs"]